3R
SHERIDAN DEER @ SANTA FE REVOLVERS
06/08/2033
 
TOP OF THE 1ST
Sheridan Deer batting - Pitching for Santa Fe Revolvers : RHP Lorenzo Sánchez
Pitching: RHP Lorenzo Sánchez
Batting: RHB Tolenka Kafengauz 0-0: Called Strike
0-1: Fly out, F4 (Line Drive, 4M)
Batting: RHB Richard Trevithick 0-0: Ball
1-0: Swinging Strike
1-1: Called Strike
1-2: Foul Ball, location: 2F
1-2: Ball
2-2: SINGLE (Groundball, 6MD)
Batting: RHB Daniel Divina 0-0: Ball
1-0: Fielders Choice at 2nd, 1-4 (Groundball, 15S)
Batting: SHB Temaki Yuka 0-0: Ball
1-0: Called Strike
1-1: 2-RUN HOME RUN (Flyball, 9D), Distance : 393 ft
Batting: RHB Desi Fleming 0-0: Ball
1-0: Ball
2-0: Called Strike
2-1: Foul Ball, location: 2F
2-2: Fly out, F7 (Flyball, 7LS)
Top of the 1st over - 2 runs, 2 hits, 0 errors, 0 left on base; Sheridan 2 - Santa Fe 0
BOTTOM OF THE 1ST
Santa Fe Revolvers batting - Pitching for Sheridan Deer : RHP Ewan Atwood
Pitching: RHP Ewan Atwood
Batting: RHB Chris Gordon 0-0: Called Strike
0-1: SINGLE (Groundball, 34D)
Batting: RHB Harley Colman 0-0: Ground out 5-3 (Groundball, 56S)
Chris Gordon to second
Batting: LHB Leilani Aberahama 0-0: Called Strike
0-1: Swinging Strike
0-2: Ball
1-2: Foul Ball, location: 2F
1-2: Strikes out swinging
Batting: LHB Brendon Lewis 0-0: Ball
1-0: Ball
2-0: Ground out U3 (Groundball, 3L)
Bottom of the 1st over - 0 runs, 1 hit, 0 errors, 1 left on base; Sheridan 2 - Santa Fe 0
TOP OF THE 2ND
Sheridan Deer batting - Pitching for Santa Fe Revolvers : RHP Lorenzo Sánchez
Batting: RHB Chaim Werkman 0-0: Foul Ball, location: 2F
0-1: Ball
1-1: Fly out, F8 (Flyball, 8LM)
Batting: LHB Armando Cedeño 0-0: Called Strike
0-1: Swinging Strike
0-2: Strikes out looking
Batting: RHB Gabriel Torres 0-0: Called Strike
0-1: Fly out, F8 (Flyball, 8LD)
Top of the 2nd over - 0 runs, 0 hits, 0 errors, 0 left on base; Sheridan 2 - Santa Fe 0
BOTTOM OF THE 2ND
Santa Fe Revolvers batting - Pitching for Sheridan Deer : RHP Ewan Atwood
Batting: RHB Eric Landry 0-0: Swinging Strike
0-1: Ball
1-1: Foul Ball, location: 2F
1-2: Strikes out swinging
Batting: RHB George Cook 0-0: Called Strike
0-1: SINGLE (Flyball, 89S)
Batting: RHB Mark Merry 0-0: Called Strike
0-1: Ball
1-1: Called Strike
1-2: Foul Ball, location: 2F
1-2: Strikes out swinging
Batting: RHB Jason Watts 0-0: Ball
1-0: Ball
2-0: Foul Ball, location: 2F
2-1: Fly out, F8 (Flyball, 78M)
Bottom of the 2nd over - 0 runs, 1 hit, 0 errors, 1 left on base; Sheridan 2 - Santa Fe 0
TOP OF THE 3RD
Sheridan Deer batting - Pitching for Santa Fe Revolvers : RHP Lorenzo Sánchez
Batting: RHB Ju-choer Park 0-0: Ball
1-0: Foul Ball, location: 2F
1-1: SINGLE (Line Drive, 56D)
Batting: RHB Tolenka Kafengauz 0-0: Called Strike
0-1: Foul Ball, location: 2F
0-2: Ground out 5-3 (Groundball, 5S)
Ju-choer Park to second
Batting: RHB Richard Trevithick 0-0: Swinging Strike
0-1: Swinging Strike
0-2: Strikes out swinging
Batting: RHB Daniel Divina 0-0: Foul Ball, location: 2F
0-1: SINGLE (Line Drive, 89M)
Ju-choer Park to third
Batting: SHB Temaki Yuka 0-0: DOUBLE (Flyball, 8LXD)
Ju-choer Park scores
Daniel Divina to third
Batting: RHB Desi Fleming 0-0: Ball
1-0: Ball
2-0: Foul Ball, location: 2F
2-1: Called Strike
2-2: Strikes out swinging
Top of the 3rd over - 1 run, 3 hits, 0 errors, 2 left on base; Sheridan 3 - Santa Fe 0
BOTTOM OF THE 3RD
Santa Fe Revolvers batting - Pitching for Sheridan Deer : RHP Ewan Atwood
Batting: RHB Brook Linen 0-0: Ball
1-0: Fly out, F9 (Flyball, 89S)
Batting: RHB Chris Gordon 0-0: Foul Ball, location: 2F
0-1: Ball
1-1: DOUBLE (Groundball, 5L)
Batting: RHB Harley Colman 0-0: Swinging Strike
0-1: Called Strike
0-2: Ball
1-2: Strikes out swinging
Batting: LHB Leilani Aberahama 0-0: Foul Ball, location: 2F
0-1: DOUBLE (Flyball, 78D)
Chris Gordon scores
Batting: LHB Brendon Lewis 0-0: Ball
1-0: Called Strike
1-1: Ball
2-1: Ground out 5-3 (Groundball, 56)
Bottom of the 3rd over - 1 run, 2 hits, 0 errors, 1 left on base; Sheridan 3 - Santa Fe 1
TOP OF THE 4TH
Sheridan Deer batting - Pitching for Santa Fe Revolvers : RHP Lorenzo Sánchez
Batting: RHB Chaim Werkman 0-0: SINGLE (Line Drive, 7S)
Batting: LHB Armando Cedeño 0-0: Called Strike
0-1: Fly out, F8 (Flyball, 78D)
Batting: RHB Gabriel Torres 0-0: Called Strike
0-1: Swinging Strike
0-2: Strikes out swinging
Batting: RHB Ju-choer Park 0-0: Called Strike
0-1: Ball
1-1: Foul Ball, location: 2F
1-2: Fly out, F7 (Flyball, 78S)
Top of the 4th over - 0 runs, 1 hit, 0 errors, 1 left on base; Sheridan 3 - Santa Fe 1
BOTTOM OF THE 4TH
Santa Fe Revolvers batting - Pitching for Sheridan Deer : RHP Ewan Atwood
Batting: RHB Eric Landry 0-0: Foul Ball, location: 2F
0-1: Ball
1-1: Swinging Strike
1-2: Foul Ball, location: 2F
1-2: Strikes out looking
Batting: RHB George Cook 0-0: Ball
1-0: Ball
2-0: Called Strike
2-1: Ball
3-1: Swinging Strike
3-2: Fly out, F1 (Line Drive, 15)
Batting: RHB Mark Merry 0-0: Ground out U3 (Groundball, 34S)
Bottom of the 4th over - 0 runs, 0 hits, 0 errors, 0 left on base; Sheridan 3 - Santa Fe 1
TOP OF THE 5TH
Sheridan Deer batting - Pitching for Santa Fe Revolvers : RHP Lorenzo Sánchez
Batting: RHB Tolenka Kafengauz 0-0: Called Strike
0-1: SINGLE (Groundball, 4D)
Batting: RHB Richard Trevithick 0-0: Ball
1-0: SINGLE (Groundball, 6MD)
Tolenka Kafengauz to second
Runner from 2nd tries for 3rd, OUT!
Batting: RHB Daniel Divina 0-0: Ball
1-0: Ground out 6-3 (Groundball, 6MS)
Richard Trevithick to second
Batting: SHB Temaki Yuka 0-0: Ball
1-0: 2-RUN HOME RUN (Flyball, 9D), Distance : 402 ft
Batting: RHB Desi Fleming 0-0: Ball
1-0: Called Strike
1-1: Ball
2-1: Foul Ball, location: 2F
2-2: Foul Ball, location: 2F
2-2: Ball
3-2: Foul Ball, location: 2F
3-2: Foul Ball, location: 2F
3-2: SOLO HOME RUN (Flyball, 9LD), Distance : 368 ft
Batting: RHB Chaim Werkman 0-0: Called Strike
0-1: Ball
1-1: Ball
2-1: Foul Ball, location: 2F
2-2: Strikes out swinging
Top of the 5th over - 3 runs, 4 hits, 0 errors, 0 left on base; Sheridan 6 - Santa Fe 1
BOTTOM OF THE 5TH
Santa Fe Revolvers batting - Pitching for Sheridan Deer : RHP Ewan Atwood
Batting: RHB Jason Watts 0-0: Ball
1-0: Foul Ball, location: 2F
1-1: Swinging Strike
1-2: Foul Ball, location: 2F
1-2: Ball
2-2: Foul Ball, location: 2F
2-2: Fly out, F8 (Line Drive, 8LD)
Batting: RHB Brook Linen 0-0: Called Strike
0-1: SINGLE (Groundball, 6MD)
Batting: RHB Chris Gordon 0-0: SINGLE (Line Drive, 4MD)
Brook Linen to second
Pitching: RHP Juan Alemán
Batting: RHB Harley Colman 0-0: Called Strike
0-1: Ball
1-1: Called Strike
Brook Linen steals 3rd base
Chris Gordon to second
1-2: Ground out 5-3 (Groundball, 56)
Brook Linen scores
Batting: LHB Leilani Aberahama 0-0: Ball
1-0: Ball
2-0: Called Strike
2-1: Called Strike
2-2: Foul Ball, location: 2F
2-2: Ball
3-2: Base on Balls
Batting: LHB Brendon Lewis 0-0: Called Strike
0-1: Ball
1-1: Swinging Strike
1-2: Strikes out swinging
Bottom of the 5th over - 1 run, 2 hits, 0 errors, 2 left on base; Sheridan 6 - Santa Fe 2
TOP OF THE 6TH
Sheridan Deer batting - Pitching for Santa Fe Revolvers : RHP Lorenzo Sánchez
Pitching: RHP Joe Louter
Batting: LHB Armando Cedeño 0-0: Ball
1-0: Called Strike
1-1: Called Strike
1-2: Strikes out looking
Batting: RHB Gabriel Torres 0-0: Ball
1-0: Ground out 6-3 (Groundball, 6)
Batting: RHB Ju-choer Park 0-0: Foul Ball, location: 2F
0-1: Ball
1-1: Swinging Strike
1-2: Ball
2-2: Strikes out swinging
Top of the 6th over - 0 runs, 0 hits, 0 errors, 0 left on base; Sheridan 6 - Santa Fe 2
BOTTOM OF THE 6TH
Santa Fe Revolvers batting - Pitching for Sheridan Deer : RHP Juan Alemán
Batting: RHB Eric Landry 0-0: Called Strike
0-1: Fly out, F7 (Flyball, 7LMF)
Batting: RHB George Cook 0-0: Ball
1-0: Ball
2-0: Foul Ball, location: 2F
2-1: Foul Ball, location: 2F
2-2: Ball
3-2: Strikes out swinging
Batting: RHB Mark Merry 0-0: Ball
1-0: Ball
2-0: Ball
3-0: Called Strike
3-1: Ground out 6-3 (Groundball, 6)
Bottom of the 6th over - 0 runs, 0 hits, 0 errors, 0 left on base; Sheridan 6 - Santa Fe 2
TOP OF THE 7TH
Sheridan Deer batting - Pitching for Santa Fe Revolvers : RHP Joe Louter
Batting: RHB Tolenka Kafengauz 0-0: Ground out 5-3 (Groundball, 56S)
Batting: RHB Richard Trevithick 0-0: Foul Ball, location: 2F
0-1: Ball
1-1: Swinging Strike
1-2: Strikes out swinging
Batting: RHB Daniel Divina 0-0: Called Strike
0-1: Foul Ball, location: 2F
0-2: Strikes out swinging
Top of the 7th over - 0 runs, 0 hits, 0 errors, 0 left on base; Sheridan 6 - Santa Fe 2
BOTTOM OF THE 7TH
Santa Fe Revolvers batting - Pitching for Sheridan Deer : RHP Juan Alemán
Batting: RHB Jason Watts 0-0: Ball
1-0: Foul Ball, location: 2F
1-1: Ground out 5-3 (Groundball, 56S)
Batting: RHB Brook Linen 0-0: Foul Ball, location: 2F
0-1: Called Strike
0-2: Ball
1-2: Fly out, F8 (Flyball, 78D)
Batting: RHB Chris Gordon 0-0: Ball
1-0: Foul Ball, location: 2F
1-1: SINGLE (Line Drive, 9LM)
Batting: RHB Harley Colman 0-0: Ground out 1-3 (Groundball, P)
Bottom of the 7th over - 0 runs, 1 hit, 0 errors, 1 left on base; Sheridan 6 - Santa Fe 2
TOP OF THE 8TH
Sheridan Deer batting - Pitching for Santa Fe Revolvers : RHP Joe Louter
Batting: SHB Temaki Yuka 0-0: Ball
1-0: Ball
2-0: Ball
3-0: Base on Balls
Batting: RHB Desi Fleming 0-0: Ball
1-0: Foul Ball, location: 2F
1-1: Foul Ball, location: 2F
1-2: Ball
2-2: Ball
3-2: Foul Ball, location: 2F
3-2: Strikes out swinging
Batting: RHB Chaim Werkman 0-0: Ball
1-0: Called Strike
1-1: Ball
2-1: Called Strike
2-2: Strikes out swinging
Batting: LHB Armando Cedeño 0-0: Ball
1-0: Fly out, F6 (Popup, 6)
Top of the 8th over - 0 runs, 0 hits, 0 errors, 1 left on base; Sheridan 6 - Santa Fe 2
BOTTOM OF THE 8TH
Santa Fe Revolvers batting - Pitching for Sheridan Deer : RHP Juan Alemán
Batting: LHB Leilani Aberahama 0-0: Ball
1-0: Called Strike
1-1: Foul Ball, location: 2F
1-2: Ball
2-2: Foul Ball, location: 2F
2-2: Ball
3-2: DOUBLE (Groundball, 3L)
Batting: LHB Brendon Lewis 0-0: Swinging Strike
0-1: Swinging Strike
0-2: Ball
1-2: Ball
2-2: Foul Ball, location: 2F
2-2: Foul Ball, location: 2F
2-2: Foul Ball, location: 2F
2-2: Foul Ball, location: 2F
2-2: Strikes out swinging
Batting: RHB Eric Landry 0-0: DOUBLE (Line Drive, 7)
Leilani Aberahama scores
Batting: RHB George Cook 0-0: Called Strike
0-1: Foul Ball, location: 2F
0-2: Ball
1-2: Ball
2-2: Foul Ball, location: 2F
2-2: Ball
3-2: SINGLE (Groundball, 3D)
Eric Landry to third
Batting: RHB Mark Merry 0-0: Ball
1-0: Fielders Choice at 2nd, 1-6 (Groundball, 13S)
Batting: RHB Jason Watts 0-0: Called Strike
0-1: Ball
1-1: Ball
2-1: Reached on error, E5 (Groundball, 56S)
Eric Landry scores
Mark Merry to second
Batting: RHB Brook Linen 0-0: Called Strike
0-1: Ball
1-1: Called Strike
1-2: Foul Ball, location: 2F
1-2: Ball
2-2: Strikes out swinging
Bottom of the 8th over - 2 runs, 3 hits, 1 error, 2 left on base; Sheridan 6 - Santa Fe 4
TOP OF THE 9TH
Sheridan Deer batting - Pitching for Santa Fe Revolvers : RHP Joe Louter
Batting: RHB Gabriel Torres 0-0: Swinging Strike
0-1: Ball
1-1: Ball
2-1: Ground out 5-3 (Groundball, 56)
Batting: RHB Ju-choer Park 0-0: Ball
1-0: Fly out, F7 (Flyball, 78D)
Batting: RHB Tolenka Kafengauz 0-0: Fly out, F7 (Line Drive, 7S)
Top of the 9th over - 0 runs, 0 hits, 0 errors, 0 left on base; Sheridan 6 - Santa Fe 4
BOTTOM OF THE 9TH
Santa Fe Revolvers batting - Pitching for Sheridan Deer : RHP Juan Alemán
Pitching: LHP Tomás Alfonso
Now at 1B: Shigeaki Samurakami
Now in LF: Michael Nelson
Batting: RHB Chris Gordon 0-0: Ball
1-0: Foul Ball, location: 2F
1-1: Fly out, F8 (Flyball, 78D)
Batting: RHB Harley Colman 0-0: Called Strike
0-1: Ball
1-1: Swinging Strike
1-2: SINGLE (Line Drive, 6MD)
Pinch Hitting: RHB Gary Ellis 0-0: Called Strike
0-1: DOUBLE (Flyball, 8RXD)
Harley Colman to third
Batting: LHB Brendon Lewis 0-0: Ball
1-0: Ball
2-0: Called Strike
2-1: Foul Ball, location: 2F
2-2: 3-RUN HOME RUN (Line Drive, 9LD), Distance : 353 ft
Saturday, December 22nd, 2018 - OOTP Baseball 18.8 Build 76